Map: Jagannatha LE

Players

ViBE - Winner!

  • Race: Zerg Zerg
  • League: Platinum
  • Spawn Location: 7:00

Ackbar

  • Race: Protoss Protoss
  • League: Platinum
  • Spawn Location: 1:00

VOD

Have the link to the VOD?

Description

Time

  • Played on: March 31, 2021, 12:26 a.m.
  • Length: 12:55
Show
View Real Time Build Order
Export as new Build Order

ViBE Zerg - Winner!

Build Orders: Hatch First 

Get SALT Encoding   

  12  0:00  Drone  
  13  0:12  Overlord  
  13  0:25  Drone  
  14  0:32  Drone x2  
  16  0:52  Hatchery  
  15  1:01  Drone  
  15  1:02  Drone  
  17  1:08  Drone  
  18  1:18  Spawning Pool  
  17  1:27  Drone  
  18  1:37  Drone x2  
  20  1:40  Extractor  
  19  2:02  Overlord  
  19  2:05  Queen  
  19  2:06  Queen  
  19  2:07  Drone x3  
  26  2:17  Drone  
  26  2:18  Drone  
  28  2:27  Drone x2  
  30  2:38  Spine Crawler  
  30  2:39  Drone x2  
  31  2:46  Queen  
  31  2:48  Lair  
  33  2:53  Drone x2  
  35  2:59  Overlord  
  35  3:04  Overlord  
  35  3:21  Drone x8  
  43  3:28  Drone  
  43  3:29  Drone  
  45  3:37  Roach Warren  
  45  3:39  Evolution Chamber, Overlord  
  45  3:40  Extractor, Overlord  
  42  3:42  Extractor  
  41  3:52  Hatchery  
  41  3:54  Drone x3  
  43  4:01  Queen  
  45  4:08  Drone x5  
  50  4:18  Glial Reconstitution  
  50  4:19  Zerg Missile Weapons Level 1  
  50  4:22  Overlord  
  52  4:24  Roach x2  
  54  4:35  Overlord  
  54  4:36  Overlord  
  56  4:38  Roach x3  
  56  4:45  Drone x3  
  63  4:58  Drone  
  63  4:59  Drone  
  65  5:04  Drone x3  
  65  5:05  Hydralisk Den  
  67  5:09  Drone  
  67  5:10  Drone x5  
  67  5:12  Evolution Chamber  
  72  5:16  Drone  
  72  5:17  Drone  
  74  5:21  Extractor, Drone  
  74  5:41  Drone x10  
  74  5:42  Drone  
  85  5:44  Extractor  
  85  5:46  Extractor  
  85  5:47  Drone  
  85  5:48  Drone  
  85  5:56  Zerg Ground Armor Level 1  
  85  5:57  Grooved Spines  
  85  5:59  Overlord x3  
  85  6:01  Hatchery  
  84  6:05  Overlord  
  84  6:06  Overlord  
  84  6:09  Overlord  
  84  6:16  Zerg Missile Weapons Level 2  
  84  6:18  Hydralisk x6  
  84  6:19  Overseer  
  96  6:38  Hydralisk x6  
  108  6:50  Hydralisk x4  
  116  6:57  Hydralisk x2  
  120  7:09  Muscular Augments  
  120  7:26  Drone x8  
  120  7:27  Drone x8  
  120  7:28  Drone  
  120  7:29  Drone x2  
  139  7:40  Drone  
  139  7:41  Infestation Pit  
  139  7:42  Drone x2  
  141  7:45  Extractor  
  141  7:47  Extractor  
  141  7:48  Overlord x4  
  139  7:52  Drone  
  139  7:57  Hatchery  
  139  7:59  Hydralisk x2  
  143  8:13  Overlord x3  
  143  8:14  Overlord x2, Hydralisk  
  143  8:15  Hydralisk x8  
  143  8:16  Zerg Ground Armor Level 2  
  143  8:18  Hive  
  161  9:06  Hydralisk  
  161  9:07  Hydralisk x18  
  199  9:14  Spore Crawler  
  199  9:16  Spine Crawler  
  197  9:17  Spine Crawler  
  197  9:19  Spore Crawler  
  197  9:20  Spine Crawler  
  197  9:21  Spore Crawler, Spine Crawler  
  197  9:22  Spine Crawler  
  197  9:23  Spine Crawler  
  190  9:26  Spore Crawler  
  190  9:28  Spine Crawler  
  190  9:29  Spore Crawler, Spine Crawler  
  190  9:31  Spine Crawler x2  
  185  9:33  Drone x4  
  185  9:34  Drone x11  
  173  10:50  Drone x4  
  173  10:54  Extractor x2, Drone  
  173  10:55  Drone  
  173  10:57  Hydralisk x14  
  197  11:04  Lurker Den  
  197  11:08  Overseer x2  
  197  11:10  Hatchery  
  195  11:12  Spine Crawler, Hydralisk  
  195  11:14  Spore Crawler, Spine Crawler  
  192  12:01  Hydralisk  
  192  12:02  Hydralisk x3  
Show
View Real Time Build Order
Export as new Build Order

Ackbar Protoss 

Build Orders:  

Get SALT Encoding   

  12  0:00  Probe  
  13  0:13  Probe  
  14  0:20  Pylon  
  14  0:25  Probe  
  15  0:38  Probe (Chrono Boost)  
  16  0:44  Gateway  
  17  0:50  Probe (Chrono Boost)  
  17  1:07  Probe (Chrono Boost)  
  18  1:18  Probe (Chrono Boost)  
  19  1:22  Assimilator  
  19  1:23  Probe (Chrono Boost)  
  20  1:34  Probe  
  20  1:36  Cybernetics Core  
  20  1:39  Pylon  
  21  1:44  Assimilator  
  21  1:46  Probe  
  22  1:58  Probe  
  23  2:10  Probe  
  24  2:22  Probe (Chrono Boost)  
  25  2:33  Nexus  
  25  2:34  Probe (Chrono Boost)  
  25  2:35  Stalker  
  25  2:36  Pylon  
  28  2:39  Probe (Chrono Boost)  
  29  2:45  Forge  
  29  2:46  Pylon  
  29  2:48  Probe  
  30  2:57  Shield Battery  
  30  3:00  Probe  
  30  3:04  Shield Battery  
  32  3:12  Probe  
  32  3:25  Probe  
  33  3:58  Probe  
  33  4:00  Probe  
  35  4:10  Probe  
  35  4:12  Probe  
  37  4:22  Stargate, Probe  
  38  4:26  Stargate  
  38  4:27  Pylon  
  38  4:28  Pylon  
  38  4:44  Probe x2  
  40  4:49  Assimilator  
  40  4:51  Assimilator  
  40  4:56  Probe x2  
  42  5:00  Pylon  
  42  5:01  Pylon  
  42  5:08  Probe x2  
  44  5:16  Protoss Shields Level 1 (Chrono Boost)  
  44  5:20  Probe x2  
  46  5:23  Protoss Air Weapons Level 1  
  46  5:32  Probe x2  
  48  5:40  Fleet Beacon  
  48  6:33  Shield Battery  
  48  6:34  Shield Battery  
  48  6:39  Shield Battery x2  
  48  6:41  Photon Cannon  
  48  6:42  Photon Cannon  
  48  6:44  Photon Cannon  
  48  6:46  Photon Cannon  
  48  6:51  Photon Cannon  
  48  6:53  Photon Cannon x2  
  48  6:54  Photon Cannon  
  48  7:21  Void Ray  
  48  7:22  Void Ray  
  56  7:32  Protoss Ground Weapons Level 1 (Chrono Boost)  
  56  7:37  Protoss Air Armor Level 1  
  56  7:49  Cybernetics Core  
  56  7:51  Pylon  
  56  7:52  Pylon  
  56  7:57  Gateway  
  56  7:59  Void Ray x2 (Chrono Boost)  
  56  8:01  Gateway  
  56  8:03  Pylon  
  56  8:05  Pylon  
  64  8:06  Pylon  
  64  8:07  Pylon  
  64  8:08  Pylon  
  64  8:33  Void Ray x2 (Chrono Boost)  
  72  8:50  Robotics Facility  
  72  8:52  Robotics Facility  
  72  8:58  Twilight Council  
  72  9:03  Fleet Beacon, Void Ray  
  76  9:12  Forge  
  76  9:16  Fleet Beacon  
  76  9:34  Protoss Ground Armor Level 1  
  76  9:53  Nexus  
  44  10:39  Shield Battery x2  
  44  10:42  Zealot  
  41  10:43  Shield Battery  
  41  10:49  Zealot x2 (Chrono Boost)  
  41  11:00  Photon Cannon  
  40  11:09  Zealot (Chrono Boost)  
  41  11:14  Zealot (Chrono Boost)  
  39  11:31  Stargate  
  37  11:33  Zealot  
  37  11:41  Stargate  
  35  11:58  Pylon x2  
Tags
 
Matchup
PvZ
Player
ViBE
Replay Pack
Platinum_League
Spawn Locations
Cross Positions
Add a new tag
Caveats
  • Supply blocks, unpowered buildings, or Contaminate may cause inaccurate times.
  • Supply counts are checked every 10 seconds.